AoeStats
← Snow

Arabia

504507444Analyzed
3v3 RM · 27d ago on Sep 5, 2026· 44m 49s· 6 players
Game mode
Random Map
Map size
Normal (6 player)
Population
200
Speed
Normal
Resources
Standard
Victory
Conquest
Starting age
Dark Age
Ending age
Imperial Age
RankedLock teamsTeams togetherTeam positionsShared explorationLock speedFull tech treeHidden civsTurbo modeCheats
Victory
Defeat
🇺🇸 Aztecs · United States
830
+17
🇩🇪 Wei · Germany
823
+18
🇫🇷 Byzantines · France
794
+19
🇯🇴 Magyars · Jordan
927
-20
🇸🇦 Franks · Saudi Arabia
830
-17
🇯🇴 Ethiopians · Jordan
827
-17
S3r!ousLE3
3:25 Loom
11:23 Feudal Age
12:48 Double-Bit Axe
12:46 Horse Collar
13:00 Gold Mining
20:37 Castle Age
19:44 Fletching
20:09 Bloodlines
21:13 Bodkin Arrow
21:45 Bow Saw
21:37 Heavy Plow
22:05 Padded Archer Armor
22:12 Husbandry
22:41 Town Watch
25:36 Leather Archer Armor
30:07 Wheelbarrow
30:00 Thumb Ring
32:16 Hand Cart
32:02 Town Patrol
32:34 Scale Barding Armor
32:40 Forging
33:19 Light Cavalry
36:59 Imperial Age
36:09 Chain Barding Armor
36:14 Ballistics
35:17 Elite Skirmisher
35:17 Crossbowman
37:07 Stone Mining
37:52 Gold Shaft Mining
38:02 Conscription
37:31 Heavy Hei Guang Cavalry
38:42 Bracer
39:35 Iron Casting
41:15 Parthian Tactics
41:57 Chemistry
43:43 Blast Furnace
43:11 Ming Guang Armor
45:16 Crop Rotation
44:37 Elite Tiger Cavalry
LeVieuxMachin
2:32 Loom
12:19 Feudal Age
22:46 Castle Age
21:31 Double-Bit Axe
22:55 Pikeman
24:01 Bow Saw
34:56 Imperial Age
33:38 Scale Mail Armor
33:49 Forging
36:10 Halberdier
43:19 Chain Mail Armor
43:40 Iron Casting
EVOLUTIONS
7:34 Loom
11:55 Feudal Age
16:58 Double-Bit Axe
20:38 Horse Collar
21:52 Forging
21:43 Scale Mail Armor
27:43 Castle Age
27:58 Eagle Warrior
28:46 Gold Mining
29:11 Bow Saw
29:06 Heavy Plow
30:20 Chain Mail Armor
30:41 Iron Casting
40:22 Imperial Age
38:12 Pikeman
38:53 Squires
41:28 Garland Wars
Snow
1:05 Loom
10:48 Feudal Age
19:08 Castle Age
18:25 Scale Barding Armor
18:13 Double-Bit Axe
18:23 Gold Mining
18:28 Stone Mining
24:16 Wheelbarrow
29:24 Husbandry
31:42 Bow Saw
31:47 Padded Archer Armor
31:37 Fletching
31:13 Elite Skirmisher
31:14 Crossbowman
37:55 Chain Barding Armor
37:50 Leather Archer Armor
37:31 Bodkin Arrow
40:13 Imperial Age
39:34 Scale Mail Armor
40:22 Ballistics
41:37 Cavalier
43:28 Plate Barding Armor
Decoy
9:58 Feudal Age
12:01 Loom
12:29 Double-Bit Axe
22:34 Castle Age
21:00 Horse Collar
21:13 Gold Mining
21:14 Stone Mining
24:38 Bow Saw
26:54 Wheelbarrow
26:08 Town Watch
26:39 Elite Skirmisher
32:12 Scale Mail Armor
33:22 Murder Holes
34:31 Heavy Plow
34:50 Pikeman
38:23 Imperial Age
36:11 Hand Cart
36:21 Fletching
36:31 Padded Archer Armor
38:50 Capped Ram
39:28 Halberdier
40:31 Masonry
41:18 Bloodlines
40:30 Light Cavalry
41:11 Husbandry
42:57 Chain Mail Armor
MuradOVO
5:41 Loom
11:55 Feudal Age
15:08 Double-Bit Axe
15:08 Horse Collar
15:23 Gold Mining
21:11 Castle Age
20:58 Fletching
21:09 Padded Archer Armor
23:16 Bodkin Arrow
23:37 Leather Archer Armor
24:28 Elite Skirmisher
39:23 Imperial Age
38:57 Heavy Plow
39:21 Bow Saw
39:29 Capped Ram
Connection lost

Rejoining the realm…

Still unreachable

The connection could not be restored.

Session expired

The server has moved on; the page needs a fresh start.